 Dungeon Crawl Stone Soup version 0.24.0-13-gcf9b319 (webtiles) character file.

Game seed: 18142472141549170314, levelgen mode: deterministic

896 Doobh the Bolt Thrower (level 8, 20/48 HPs)
             Began as a Kobold Hunter on Dec 10, 2019.
             Was an Initiate of Dithmenos.
             Starved to death
             ... on level 5 of the Dungeon.
             The game lasted 00:27:31 (6353 turns).

Doobh the Bolt Thrower (Kobold Hunter)              Turns: 6353, Time: 00:27:31

Health: 20/48      AC:  3    Str: 10    XL:     8   Next: 27%
Magic:  8/8        EV: 17    Int: 18    God:    Dithmenos [......]
Gold:   333        SH:  0    Dex: 16    Spells: 7/7 levels left

rFire    . . .     SeeInvis .   b - +0 short sword
rCold    . . .     Gourm    .   (shield restricted)
rNeg     . . .     Faith    .   c - +0 leather armour
rPois    .         Spirit   .   (no helmet)
rElec    .         Reflect  .   (no cloak)
rCorr    .         Harm     .   (no gloves)
MR       .....                  (no boots)
Stlth    +++.......             (no amulet)
HPRegen  0.16/turn              n - +5 ring of intelligence
MPRegen  0.11/turn              (no ring)

@: fainting
A: small, carnivore
a: Renounce Religion


You were on level 5 of the Dungeon.
You worshipped Dithmenos.
Dithmenos was noncommittal.
You were fainting.

You visited 2 branches of the dungeon, and saw 6 of its levels.

You collected 333 gold pieces.

Inventory:

Hand Weapons
 a - a +1 hand crossbow
 b - a +0 short sword (weapon)
 i - a +0 hunting sling
Missiles
 d - 51 bolts
 k - 120 stones (quivered)
 r - 33 sling bullets
 t - 69 arrows
Armour
 c - a +0 leather armour (worn)
Jewellery
 n - a +5 ring of intelligence (left hand)
Scrolls
 e - 2 scrolls of enchant armour {unknown}
 h - 4 scrolls of remove curse {unknown}
 o - a scroll of blinking {unknown}
 p - a scroll of fog {unknown}
 q - 4 scrolls of identify
 u - 2 scrolls of random uselessness {unknown}
 v - 5 scrolls of teleportation {unknown}
 x - a scroll of noise {unknown}
Potions
 g - a potion of agility
 j - a potion of might {unknown}
 l - 2 potions of ambrosia
 m - a potion of berserk rage
 s - a potion of brilliance {unknown}
 w - a potion of mutation {unknown}
 z - a potion of haste {unknown}


   Skills:
 + Level 4.1 Fighting
 * Level 5.2 Short Blades
 * Level 7.9 Crossbows
 + Level 4.7 Dodging
 + Level 5.0 Stealth


You had 7 spell levels left.
You didn't know any spells.
Your spell library was empty.

Dungeon Overview and Level Annotations

Branches:
Dungeon (5/15)             Temple (1/1) D:4

Altars:
Cheibriados
Dithmenos
Elyvilon
Fedhas
Gozag
Hepliaklqana
Kikubaaqudgha
Makhleb
Nemelex Xobeh
Okawaru
Ru
Trog
Uskayaw
Vehumet
Wu Jian
Yredelemnul
The Shining One

Annotations:
D:4 exclusion: door, Duvessa


Innate Abilities, Weirdness & Mutations

You are small and have problems with some larger weapons.
You are carnivorous and can eat meat at any time.


Message History

The hungry ghost is almost destroyed.
The hungry ghost hits you.
You feel slightly more hungry.
You closely miss the hungry ghost.
The hungry ghost is almost destroyed.
The hungry ghost completely misses you.
You hit the hungry ghost.
You destroy the hungry ghost!
Dithmenos accepts your kill.
Your Short Blades skill increases to level 5!
Your Stealth skill increases to level 5!
Things that are here:
a +0 war axe; an orc skeleton You need to eat something NOW!
You aren't carrying any food.
Found 6 gold pieces.
You lose consciousness!
You feel a little less agile now.
You can move again.
You have starved to death.
You die...

#.###.)..#.......
#####..#...#.###.#...
#............# #.....
#.###........###.#...
#####....#.......
##.#.#.#.###.
#...<...>...
###########.#.#.#.....
#.$..@..........[..##.
#.#########.#.#.#...#.
#...........
##.####...## #.# #####
#.# #.# ..# ###


There were no monsters in sight!

Vanquished Creatures
  A hungry ghost (D:5)
  A phantom (D:5)
  2 ogres
  A scorpion (D:3)
  A howler monkey (D:5)
  2 orc priests (D:4)
  2 worker ants (D:4)
  5 orc wizards
  A hound zombie (D:5)
  7 adders
  3 oozes
  2 adder skeletons
  3 worms
  4 leopard geckos
  11 orcs
  4 giant cockroaches
  4 goblins
  8 hobgoblins
  11 jackals
  A quokka (D:2)
  5 bats
  3 frilled lizards
  7 kobolds
  4 rats
93 creatures vanquished.

Notes
Turn   | Place    | Note
-------+----------+-------------------------------------------
     0 | D:1      | Doobh the Kobold Hunter began the quest for the Orb.
     0 | D:1      | Reached XP level 1. HP: 12/12 MP: 1/1
    16 | D:1      | Reached skill level 5 in Crossbows
    32 | D:1      | Reached XP level 2. HP: 11/17 MP: 2/2
   436 | D:1      | Reached skill level 1 in Short Blades
   436 | D:1      | Reached XP level 3. HP: 22/22 MP: 3/3
   754 | D:2      | Found an ornate altar of the Wu Jian Council.
   754 | D:2      | Found a hazy altar of Hepliaklqana.
   766 | D:2      | Found an ancient bone altar of Kikubaaqudgha.
   768 | D:2      | Found a burning altar of Makhleb.
   769 | D:2      | Found an iron altar of Okawaru.
  1124 | D:2      | Reached XP level 4. HP: 21/27 MP: 4/4
  2150 | D:3      | Reached XP level 5. HP: 31/31 MP: 5/5
  2378 | D:3      | Found a sparkling altar of Nemelex Xobeh.
  2421 | D:3      | Reached skill level 6 in Crossbows
  2715 | D:4      | Found a staircase to the Ecumenical Temple.
  3586 | D:3      | Reached XP level 6. HP: 6/37 MP: 6/6
  3945 | Temple   | Entered the Ecumenical Temple
  4014 | Temple   | Became a worshipper of Dithmenos the Shadowed
  4252 | D:3      | You fall into a shaft and drop 1 floor!
  5109 | D:4      | Noticed an ogre
  5112 | D:4      | Killed an ogre
  5112 | D:4      | Reached skill level 7 in Crossbows
  5112 | D:4      | Reached XP level 7. HP: 41/41 MP: 7/7
  5588 | D:4      | Found a sparkling altar of Nemelex Xobeh.
  5588 | D:4      | Noticed Duvessa
  5637 | D:5      | Entered Level 5 of the Dungeon
  6206 | D:5      | Reached XP level 8. HP: 48/48 MP: 8/8
  6320 | D:5      | Reached skill level 5 in Short Blades
  6320 | D:5      | Reached skill level 5 in Stealth
  6345 | D:5      | Paralysed by fainting for 8 turns
  6353 | D:5      | Starved to death

Levels and vault maps discovered:
D:1:      dpeg_arrival_tiny_c, layout_loops_ring
D:2:      minmay_recursive_quarters, layout_loops_ring,
          grunt_temple_overflow_open
D:3:      layout_basic, old_standard_altar, first_ration
D:4:      layout_rooms, minmay_temple_entry_mist, nemelex_lonely_heart_becter,
          uniq_duvessa
D:5:      layout_loops_ring, zin_statuary, gammafunk_temple_overflow_wave
Temple:   minmay_temple_curvy_loop

Skill      XL: |  1  2  3  4  5  6  7  8 |
---------------+-------------------------+-----
Crossbows      | 5 6 7 |  7.9
Short Blades   | 1 2 3 4 5 |  5.2
Stealth        | 2 3 4 5 |  5.0
Dodging        | 3 4 |  4.7
Fighting       | 3 4 |  4.1

Action                   |  1- 3 |  4- 6 |  7- 9 || total
-------------------------+-------+-------+-------++-------
Melee: Short sword       |    51 |   100 |    73 ||   224
 Fire: Hand crossbow     |    43 |   108 |    68 ||   219
  Use: Potion            |       |     5 |     1 ||     6
       Scroll            |       |     1 |       ||     1
 Stab: Sleeping          |       |     1 |       ||     1
  Eat: Chunk             |     9 |     6 |     1 ||    16
       Ration            |       |       |     5 ||     5
Armor: Leather armour    |     8 |    18 |    13 ||    39
       Skin              |       |    12 |       ||    12
Dodge: Dodged            |    37 |   131 |    63 ||   231
